 Dungeon Crawl Stone Soup version 0.27-a0-1144-g0b7d3b79db (webtiles) character file.

Game seed: 17602281977075455966

3412 robertstho the Thaumaturge (level 10, 0/96 HPs)
             Began as a Djinni Fire Elementalist on May 10, 2021.
             Was an Initiate of Ashenzari.
             Slain by Maggie
             ... wielding a +0 scimitar
              (15 damage)
             ... on level 8 of the Dungeon.
             The game lasted 00:12:45 (9608 turns).

robertstho the Thaumaturge (DjFE)                   Turns: 9608, Time: 00:12:45

Health: 0/96       AC:  4    Str:  7    XL:     10   Next: 4%
Gold:   628        EV: 13    Int: 20    God:    Ashenzari [......] SH:  5 Dex: 14

rFire    + + .     SeeInvis .   b - +2 long sword (flame)
rCold    x . .     Faith    .   (no shield)
rNeg     + . .     Spirit   .   a - +1 robe
rPois    ∞         Reflect  +   v - +0 helmet "Giafim" {rN+}
rElec    .         Harm     .   (no cloak)
rCorr    .         Rampage  .   (no gloves)
Will     +....                  (boots unavailable)
Stlth    ..........             q - amulet of reflection
HPRegen  0.26/turn              (no ring)
MPRegen  0.00/turn              (no ring)

@: berserking, flying, very quick
A: sickness immunity, fire resistance 2, cold vulnerability 1, float, innate
caster, hp casting, extra vitality 1
a: Renounce Religion, Curse Item


You were on level 8 of the Dungeon.
You worshipped Ashenzari.
Ashenzari was noncommittal.
You visited 2 branches of the dungeon, and saw 9 of its levels.
You also visited: Ossuary.

You collected 628 gold pieces.

Inventory:

Hand Weapons
 b - a +2 long sword of flaming (weapon)
 g - a +0 dagger of venom
Missiles
 s - a throwing net
Armour
 a - a +1 robe (worn)
 v - the +0 helmet "Giafim" (worn) {rN+}
   (You found it on level 7 of the Dungeon)

   It protects you from negative energy.
Jewellery
 q - an amulet of reflection (around neck)
Wands
 j - a wand of iceblast (8)
 m - a wand of flame (16)
Scrolls
 d - a scroll of immolation
 h - 6 scrolls of teleportation
 k - 2 scrolls of holy word
 o - 2 scrolls of enchant armour
 p - a scroll of vulnerability
 r - 2 scrolls of fear
 t - a scroll of brand weapon
 w - 2 scrolls of magic mapping
 y - a scroll of enchant weapon
Potions
 c - a potion of ambrosia
 f - 5 potions of curing
 i - a potion of resistance
 l - a potion of haste
 n - a potion of lignification
 u - a potion of berserk rage
 x - 2 potions of invisibility


   Skills:
 + Level 1.8 Fighting
 + Level 0.5 Long Blades
 + Level 4.0 Dodging
 + Level 4.7 Stealth
 + Level 1.3 Shields
 + Level 10.6 Spellcasting


You had 4 spell levels left.
You knew the following spells:

 Your Spells              Type           Power      Damage    Failure   Level
a - Foxfire               Conj/Fire      100%       2x1d9     1%          1
b - Conjure Flame         Conj/Fire      52%        6-21      1%          3
c - Inner Flame           Hex/Fire       52%        N/A       1%          3
d - Sticky Flame          Conj/Fire      52%        2d7       1%          4
e - Fireball              Conj/Fire      26%        3d12      2%          5
f - Summon Small Mammal   Summ           100%       N/A       1%          1
g - Wereblood             Tmut           52%        N/A       1%          2
h - Stone Arrow           Conj/Erth      100%       3d13      1%          3
i - Cause Fear            Hex            26%        N/A       1%          4
Your spell library was empty.

Dungeon Overview and Level Annotations

Branches:
Dungeon (8/15)             Temple (1/1) D:5         Ossuary (visited)
   Lair: D:8-11

Altars:
Ashenzari
Elyvilon
Fedhas
Kikubaaqudgha
Makhleb
Qazlal
Ru
Trog
Wu Jian
Xom
Yredelemnul
The Shining One

Shops:
D:4 =

Annotations:
D:3 1 runed translucent door, Rohain's ghost, amateur GnWr
D:8 Maggie


Innate Abilities, Weirdness & Mutations

You are immune to sickness and miasma.
You are immune to poison.
Your flesh is very heat resistant. (rF++)
You are vulnerable to cold. (rC-)
You float through the air rather than walking.
You learn spells naturally, not from books.
Your magical power is your life essence.
You have superior vitality. (+4 HP)


Message History

You barely miss Joseph.
Joseph is heavily wounded.
Joseph burns!
You hit Joseph. You burn Joseph.
Joseph is heavily wounded.
Joseph burns!
Joseph hits you with a +4 quarterstaff!!
* * * LOW HITPOINT WARNING * * *
You hit Joseph. You burn Joseph.
Joseph is severely wounded.
Joseph burns!
Joseph stops burning.
Joseph barely misses you. The orc barely misses you.
You slash Joseph! You burn Joseph.
You kill Joseph!
The orc closely misses you. Maggie casts a spell at you.
The bolt of fire hits you. You resist.
* * * LOW HITPOINT WARNING * * *
You hear a shout!
Your Dodging skill increases to level 4!
You have reached level 10!
You slash the orc! You burn the orc.
You kill the orc!
The orc wizard shouts!
The orc priest shouts!
You hear a shout!
Maggie casts a spell.
Items here: ! ( )) [ †.
You hit Maggie. You burn Maggie.
Maggie is heavily wounded.
Maggie misses you.
You closely miss Maggie.
Maggie is heavily wounded.
Maggie barely misses you.
You hit Maggie. You burn Maggie.
Maggie is heavily wounded.
Maggie hits you with a +0 scimitar.
* * * LOW HITPOINT WARNING * * *
You closely miss Maggie.
Maggie is heavily wounded.
Maggie hits you with a +0 scimitar!
You die...

##### ###)..#
.....# ####
#.)########..
#.@..........
#@#######...#
#. #...# #.
###...#####
#o
#.........#
#.
#.....###.#
#. # #..#.##
#.#
#.##.##.....#
#[##
.........#.#
#..#


You could see Maggie and an orc priest.

Vanquished Creatures
  A two-headed ogre (D:6)
  Joseph (D:8)
  Psyche (D:8)
  Prince Ribbit (D:6)
  A wyvern (D:7)
  An ice beast (D:6)
  A black bear (D:5)
  2 ogres
  2 centaurs
  2 phantoms
  A kobold brigand (D:4)
  A scorpion (D:5)
  3 wights (D:8)
  4 electric eels (D:6)
  A howler monkey (D:7)
  A centaur zombie (D:7)
  2 orc priests
  2 jellies
  A hound (D:5)
  2 bullfrog skeletons
  3 iguanas
  2 orc wizards
  A killer bee zombie (D:5)
  8 mummies (Ossuary)
  A hound skeleton (D:5)
  6 adders
  3 gnolls (D:6)
  2 shadow imps
  A white imp (D:7)
  2 ufetubi
  A worm (D:2)
  2 dart slugs
  11 orcs
  8 endoplasms
  2 giant cockroaches
  A gnoll zombie (Ossuary)
  5 goblins
  5 hobgoblins
  7 jackals
  2 quokkas
  5 ball pythons
  5 bats
  3 frilled lizards
  2 hobgoblin zombies (Ossuary)
  3 kobolds
  2 kobold zombies (Ossuary)
  3 orc zombies (Ossuary)
  6 rats
133 creatures vanquished.

Vanquished Creatures (collateral kills)
  14 foxfires (D:6)
14 creatures vanquished.

Vanquished Creatures (others)
  745 foxfires
  5 plants (D:6)
750 creatures vanquished.

Grand Total: 897 creatures vanquished

Notes
Turn   | Place    | Note
-------+----------+-------------------------------------------
     0 | D:1      | robertstho the Djinni Fire Elementalist began the quest for
                  | the Orb.
     0 | D:1      | Reached XP level 1. HP: 15/15 MP: 0/0
   287 | D:1      | Reached skill level 3 in Spellcasting
   288 | D:1      | Reached XP level 2. HP: 17/21 MP: 0/0
  1137 | D:1      | Reached XP level 3. HP: 22/25 MP: 0/0
  1137 | D:1      | Learned a level 1 spell: Summon Small Mammal
  1344 | D:1      | Found a faded altar of an unknown god.
  1863 | D:2      | Reached skill level 4 in Spellcasting
  1863 | D:2      | Reached XP level 4. HP: 13/31 MP: 0/0
  2939 | D:3      | Found a runed translucent door.
  2939 | D:3      | Noticed Rohain's ghost (amateur GnWr)
  3005 | D:3      | Found a burning altar of Makhleb.
  3303 | D:3      | Noticed an ogre
  3319 | D:3      | Killed an ogre
  3320 | D:3      | Reached XP level 5. HP: 33/36 MP: 0/0
  3320 | D:3      | Learned a level 2 spell: Wereblood
  3476 | D:4      | Found Tautaph's Jewellery Boutique.
  3548 | D:4      | Noticed a kobold brigand
  3557 | D:4      | Reached skill level 5 in Spellcasting
  3560 | D:4      | Killed a kobold brigand
  3561 | D:4      | Reached XP level 6. HP: 35/41 MP: 0/0
  4149 | D:4      | Found a stormy altar of Qazlal.
  4152 | D:4      | Noticed a water elemental
  4152 | D:4      | Noticed a fire elemental
  4152 | D:4      | Noticed an air elemental
  4400 | D:5      | Entered Level 5 of the Dungeon
  4641 | D:5      | Found a staircase to the Ecumenical Temple.
  4678 | Temple   | Entered the Ecumenical Temple
  4711 | Temple   | Became a worshipper of Ashenzari the Shackled
  4895 | D:5      | Found a glowing golden altar of the Shining One.
  5171 | D:5      | Reached skill level 1 in Fighting
  5171 | D:5      | Reached skill level 6 in Spellcasting
  5171 | D:5      | Reached XP level 7. HP: 30/47 MP: 0/0
  5171 | D:5      | Learned a level 3 spell: Stone Arrow
  6103 | D:6      | Reached skill level 7 in Spellcasting
  6103 | D:6      | Reached XP level 8. HP: 20/52 MP: 0/0
  6460 | D:6      | Noticed a two-headed ogre
  6470 | D:6      | Killed a two-headed ogre
  6471 | D:6      | Reached skill level 8 in Spellcasting
  6884 | D:6      | Reached XP level 9. HP: 14/57 MP: 0/0
  6884 | D:6      | Learned a level 4 spell: Cause Fear
  7212 | D:6      | Noticed Prince Ribbit
  7221 | D:6      | Killed Prince Ribbit
  7222 | D:6      | Reached skill level 9 in Spellcasting
  7352 | D:6      | Found a bloodstained altar of Trog.
  8666 | D:7      | Identified the +0 helmet "Giafim" {rN+}
  9021 | D:8      | Noticed Psyche
  9029 | D:8      | Killed Psyche
  9030 | D:8      | Reached skill level 10 in Spellcasting
  9034 | D:8      | Found a sand-covered staircase.
  9048 | Ossuary  | Entered an ossuary
  9569 | D:8      | Noticed Maggie
  9578 | D:8      | Reached skill level 1 in Shields
  9582 | D:8      | Noticed Joseph
  9602 | D:8      | Killed Joseph
  9603 | D:8      | Reached XP level 10. HP: 18/64 MP: 0/0
  9608 | D:8      | Slain by Maggie

Illustrated notes

Levels and vault maps discovered:
D:1:      scummos_arrival_forest, layout_basic, chequers_ecumenical_altar_grove
D:2:      layout_loops_ring, eino_tiny_chamber
D:3:      layout_loops_cross, overflow_temple_1_default, gammafunk_ghost_grave,
          minivault_23, minivault_24, kennysheep_cluttered_room
D:4:      layout_rooms, nicolae_qazlal_style_of_elements, serial_shops, shop,
          eino_tiny_chamber, hangedman_decor_clover_reticule
D:5:      layout_loops_corners, nicolae_tso_carved_into_rock,
          minmay_temple_entry_water_ring
D:6:      layout_cave_pods, lemuel_round_altar, serial_park,
          serial_park_tiny_pond, serial_park_fountain, serial_park_avenue1,
          serial_park_avenue1, serial_bayou_lagoon_b, uniq_prince_ribbit1
D:7:      layout_gridville
D:8:      layout_loops_ring, kennysheep_little_box, lemuel_tele_altar, tgw_sif,
          chequers_ossuary_entry_cave, minmay_misc_feat_doors,
          nrook_loot_triangle, uniq_grum, uniq_maggie, uniq_joseph, uniq_psyche
Temple:   nicolae_temple_hex_pool

Skill      XL: |  1  2  3  4  5  6  7  8  9 |
---------------+----------------------------+-----
Spellcasting   | 3 4 5 6 7 8 10 | 10.6
Stealth        | 2 3 4 |  4.7
Dodging        | 3 4 |  4.0
Fighting       | 1 |  1.8
Shields        | 1 |  1.3
Long Blades    | |  0.5

Action                   |  1- 3 |  4- 6 |  7- 9 | 10-12 || total
-------------------------+-------+-------+-------+-------++-------
Melee: Long sword        |       |       |     8 |     5 ||    13
 Cast: Foxfire           |    77 |    99 |   251 |       ||   427
       Sticky Flame      |       |     1 |     8 |       ||     9
       Fireball          |       |       |     1 |       ||     1
  Use: Scroll            |       |     7 |     1 |       ||     8
       Potion            |       |       |     3 |       ||     3
Armor: Robe              |     4 |     1 |     2 |       ||     7
Dodge: Dodged            |    17 |     6 |    17 |     2 ||    42
Block: Other             |       |       |     4 |       ||     4
       Reflection        |       |       |     1 |       ||     1
       Rpst.: Long sword |       |     1 |     3 |       ||     4

Table legend: (Time is in decaauts)
 A = Elapsed time spent in this place.
 B = Non-inter-level travel time spent in this place.
 C = Inter-level travel time spent in this place.
 D = Time resting spent in this place.
 E = Time spent auto-exploring this place.
 F = Levels seen in this place.
 G = Mean time per level.
                   A        B        C        D        E       F      G
               +--------+--------+--------+--------+--------+-----+--------+
         Total |   9606 |   9336 |    270 |   1022 |   7303 |  10 |  960.6 |
       Dungeon |   9114 |   8868 |    246 |   1014 |   6953 |   8 | 1139.2 |
        Temple |     56 |     33 |     23 |      0 |     27 |   1 |   56.0 |
       Ossuary |    435 |    435 |      0 |      8 |    323 |   1 |  435.0 |
               +--------+--------+--------+--------+--------+-----+--------+

Top non-repeatable levels by time:
     D:6: 1822 daAuts
     D:5: 1615 daAuts
     D:1: 1400 daAuts
     D:2: 1218 daAuts
     D:7: 1116 daAuts
     D:4: 929 daAuts
     D:3: 850 daAuts
 Ossuary: 435 daAuts
     D:8: 160 daAuts
  Temple: 56 daAuts
